 Dungeon Crawl Stone Soup version 0.17-a0-1582-ge6b0260 (webtiles) character file.

86 Dunecat the Magician (level 4, -6/26 HPs)
             Began as a Tengu Wizard on July 27, 2015.
             Was an Initiate of Sif Muna.
             Killed from afar by Ijyb (10 damage)
             ... with a wand of magic darts
             ... on level 3 of the Dungeon.
             The game lasted 00:11:44 (1930 turns).

Dunecat the Magician (Tengu Wizard)                 Turns: 1930, Time: 00:11:44

Health: -6/26      AC:  2    Str:  7    XL:     4   Next: 50%
Magic:  2/10       EV: 13    Int: 20    God:    Sif Muna [......]
Gold:   170        SH:  0    Dex: 15    Spells: 4 memorised, 3 levels left

rFire  + . .     SeeInvis .     k - +1 dagger (flame)
rCold  . . .     Clarity  .     a - +0 robe
rNeg   . . .     SustAt   .     (no shield)
rPois  .         Gourm    .     b - +0 hat
rElec  .         Spirit   .     (no cloak)
rCorr  .         Warding  .     (no gloves)
rMut   .         Stasis   .     (boots unavailable)
MR     .....                    (no amulet)
Stlth  ++........               n - +3 ring of dexterity
                                l - ring of protection from fire

@: not resistant to hostile enchantments, unstealthy
A: beak, talons 3
a: Renounce Religion


You were on level 3 of the Dungeon.
You worshipped Sif Muna.
Sif Muna was noncommittal.
You were not hungry.

You visited 1 branch of the dungeon, and saw 4 of its levels.

You collected 170 gold pieces.

Inventory:

Hand weapons
 k - a +1 dagger of flaming (weapon)
 t - a +0 long sword
Armour
 a - a +0 robe (worn)
 b - a +0 hat (worn)
Jewellery
 l - a ring of protection from fire (left hand)
 n - a +3 ring of dexterity (right hand)
Scrolls
 e - 2 scrolls of remove curse {unknown}
 f - a scroll of enchant weapon {unknown}
 g - 4 scrolls of identify {unknown}
 i - a scroll of random uselessness {unknown}
 m - a scroll of blinking {unknown}
 q - a scroll of magic mapping {unknown}
Potions
 h - a potion of curing {unknown}
 j - 2 potions of agility {unknown}
 o - 3 potions of cancellation {unknown}
 r - 2 potions of invisibility {unknown}
Books
 c - a book of Minor Magic

   Spells                             Type                      Level
   a - Magic Dart                     Conjuration                  1
   b - Blink                          Translocation                2
   c - Call Imp                       Summoning                    2
   d - Repel Missiles                 Charms/Air                   2
   e - Slow                           Hexes                        2
   f - Conjure Flame                  Conjuration/Fire             3
   g - Mephitic Cloud                 Conjuration/Poison/Air       3
Comestibles
 d - 4 bread rations
 p - a chunk of flesh
 s - a meat ration


   Skills:
 + Level 1.7 Fighting
 + Level 3.2 Dodging
 - Level 2.0 Stealth
 + Level 3.5 Spellcasting
 + Level 2.6 Conjurations
 - Level 1.2 Summonings
 - Level 0.7 Translocations


You had 3 spell levels left.
You knew the following spells:

 Your Spells              Type           Power        Failure   Level  Hunger
a - Magic Dart            Conj           ##..         4%          1    None
b - Blink                 Tloc           N/A          17%         2    ##.....
c - Call Imp              Summ           #.......     14%         2    ##.....
d - Repel Missiles        Chrm/Air       #.....       24%         2    ##.....


Dungeon Overview and Level Annotations

Branches:
Dungeon (4/15)
 Temple: D:4-7

Altars:
Sif Muna

Annotations:
D:3 Ijyb


Innate Abilities, Weirdness & Mutations

You have a beak for a mouth.
You have claws for feet.


Message History

Casting: Magic Dart
Confirm with . or Enter, or press ? or * to list all spells.
A beastly little devil appears in a puff of flame.
Casting: Call Imp
Confirm with . or Enter, or press ? or * to list all spells.
You don't have enough magic to cast that spell.
Ijyb zaps a wand.
The magic dart hits your crimson imp.
Your crimson imp barely misses Ijyb.
You barely miss the gnoll. You claw the gnoll.
The gnoll is severely wounded.
The gnoll barely misses you.
Ijyb zaps a wand.
The magic dart hits your crimson imp.
Your crimson imp hits Ijyb.
You hit the gnoll but do no damage. You claw the gnoll, but do no damage.
The gnoll is severely wounded.
Ijyb hits your crimson imp but does no damage.
The gnoll hits you with a club!
* * * LOW HITPOINT WARNING * * *
Your crimson imp blinks!
Ijyb zaps a wand.
The magic dart hits you!
You die...

#................#
#..$.............# .
#.............g..#
..#................#
.....................
..........g........#..
#.....%.ยง........###.
##..#....g##.....##
.......@...#######
##.###.###.......######
#. ######..##o>o# #..
##.###โ‰ˆโ‰ˆโ‰ˆ#
###.######...##...#
#............# ...
......#.#...###+###
###.....####.8.8.#
##.......#.._..#


You could see Ijyb and a gnoll.

Vanquished Creatures
  2 adders
  A worm (D:2)
  2 giant geckos
  3 giant cockroaches
  7 goblins
  10 hobgoblins
  4 jackals
  4 kobolds
  A quokka (D:3)
  4 bats
  3 giant newts
  4 rats
45 creatures vanquished.

Vanquished Creatures (collateral kills)
  2 gnolls (D:3)
  An adder (D:3)
3 creatures vanquished.

Grand Total: 48 creatures vanquished

Notes
Turn   | Place    | Note
--------------------------------------------------------------
     0 | D:1      | Dunecat the Tengu Wizard began the quest for the Orb.
     0 | D:1      | Reached XP level 1. HP: 10/10 MP: 5/5
   126 | D:1      | Reached XP level 2. HP: 8/16 MP: 0/7
   213 | D:1      | Learned a level 2 spell: Blink
   216 | D:1      | Learned a level 2 spell: Call Imp
   219 | D:1      | Learned a level 2 spell: Repel Missiles
   259 | D:1      | Reached skill level 1 in Fighting
   895 | D:2      | Reached XP level 3. HP: 20/20 MP: 2/8
  1610 | D:3      | Found a deep blue altar of Sif Muna.
  1691 | D:3      | Reached XP level 4. HP: 16/25 MP: 0/10
  1711 | D:3      | Noticed Ijyb
  1867 | D:3      | Became a worshipper of Sif Muna the Loreminder
  1930 | D:3      | Killed from afar by Ijyb

Vault maps used:
D:1:      dpeg_arrival_solitude, kennysheep_boxes
D:2:      first_bread
D:3:      lemuel_doored_altar, led_sif_book, uniq_iyjb
D:4:      lemuel_crystal_altar

Action                   |  1- 3 |  4- 6 || total
-------------------------+-------+-------++-------
Melee: Unarmed           |    10 |       ||    10
       Dagger            |    24 |     4 ||    28
 Cast: Magic Dart        |    85 |    17 ||   102
       Call Imp          |     1 |     2 ||     3
  Eat: Chunk             |     1 |     2 ||     3
